 Seeded DCSS version 0.29-a0-360-g8ed1089bbe (webtiles) character file.

Game seed: 3202661867537766148 (custom seed)

9 zeratav the Shooter (level 2, 0/17 HPs)
             Began as a Tengu Hunter on Apr 28, 2022.
             Slain by a jackal (1 damage)
             ... on level 1 of the Dungeon.
             The game lasted 00:00:38 (198 turns).

zeratav the Shooter (Tengu Hunter)                   Turns: 198, Time: 00:00:39

Health: 0/17       AC:  3    Str: 11    XL:     2   Next: 16%
Magic:  3/3        EV: 12    Int:  9    God:
Gold:   13         SH:  0    Dex: 17    Spells: 1/1 levels left

rFire   . . .      SeeInvis .   f - +2 shortbow (vorpal) {bow}
rCold   . . .      Faith    .   (shield currently unavailable)
rNeg    . . .      Spirit   .   b - +0 leather armour
rPois   .          Reflect  .   (helmet restricted)
rElec   .          Harm     .   (no cloak)
rCorr   .          Rampage  .   (no gloves)
Will    .....                   (boots unavailable)
Stlth   ++........              (no amulet)
HPRegen 0.05/turn               (no ring)
MPRegen 0.08/turn               (no ring)

@: no status effects
A: beak, talons 3
a: no special abilities


You were on level 1 of the Dungeon.
You visited 1 branch of the dungeon, and saw 1 of its levels.

You collected 13 gold pieces.


Innate Abilities, Weirdness & Mutations

You have a beak for a mouth.
You have claws for feet.


   Skills:
 - Level 2.0 Fighting
 + Level 4.9 Bows
 - Level 2.1 Dodging
 - Level 1.0 Stealth


You had one spell level left.
You didn't know any spells.
Your spell library was empty.

Inventory:

Hand Weapons
 a - a +1 shortbow {bow}
 f - a +2 vorpal shortbow (weapon) {bow}
   (You acquired it on level 1 of the Dungeon)
Armour
 b - a +0 leather armour (worn)
Scrolls
 c - a scroll of immolation {!r!r}
 d - a scroll of identify {unknown}
 e - a scroll of teleportation {unknown}

Dungeon Overview and Level Annotations

Branches:
Dungeon (1/15)

Altars:

#### ###
#.#.####..#########.#
#.....†...........#.#
#.###.#.##........#
#.............#.#.#
#.###@#.##.##.#.#.####
#...h†#....##.#.#.##..
#......†#######.#.#.##..
..>.....+.>.......#.##..
#.......#######...#.##..
#.#.#..#######.†..#.##..
# #.#.............#'##.#
. #..####.##..........
#.##.........#


You could see a jackal.


Message History

HP[-3]
You take 3 damage, and now have 12/17 hp.
You are too injured to fight recklessly!
You are too injured to fight recklessly!
You are too injured to fight recklessly!
Shoot: f) +2 shortbow (vorpal) {bow}
Press: ? - help, Shift-Dir - straight line, f/p - jackal
Aim: a jackal (almost dead, 59% to hit)
You shoot an arrow. The arrow closely misses the jackal.
The jackal misses you. The jackal barely misses you.
Shoot: f) +2 shortbow (vorpal) {bow}
Press: ? - help, Shift-Dir - straight line, f/p - jackal
Aim: a jackal (almost dead, 59% to hit)
You shoot an arrow. The arrow barely misses the jackal.
The jackal bites you.
The jackal bites you but does no damage.
The jackal barely misses you. The jackal completely misses you.
HP[-2]
You take 2 damage, and now have 10/17 hp.
Shoot: f) +2 shortbow (vorpal) {bow}
Press: ? - help, Shift-Dir - straight line, f/p - jackal
Aim: a jackal (almost dead, 59% to hit)
You shoot an arrow. The arrow closely misses the jackal.
The arrow barely misses the frilled lizard.
The jackal barely misses you.
The jackal bites you but does no damage.
The jackal bites you. The jackal barely misses you.
HP[-1]
You take 1 damage, and now have 9/17 hp.
Shoot: f) +2 shortbow (vorpal) {bow}
Press: ? - help, Shift-Dir - straight line, f/p - jackal
Aim: a jackal (almost dead, 59% to hit)
You shoot an arrow. The arrow barely misses the jackal.
The arrow barely misses the frilled lizard.
The jackal bites you.
* * * LOW HITPOINT WARNING * * *
The jackal bites you but does no damage.
The jackal barely misses you. The jackal closely misses you.
HP[-2]
You take 2 damage, and now have 7/17 hp.
Shoot: f) +2 shortbow (vorpal) {bow}
Press: ? - help, Shift-Dir - straight line, f/p - jackal
Aim: a jackal (almost dead, 59% to hit)
You shoot an arrow. The arrow closely misses the jackal.
The arrow barely misses the frilled lizard.
The jackal misses you. The jackal barely misses you.
The jackal closely misses you. x2
Shoot: f) +2 shortbow (vorpal) {bow}
Press: ? - help, Shift-Dir - straight line, f/p - jackal
Aim: a jackal (severely wounded, 59% to hit)
You shoot an arrow. The arrow barely misses the jackal.
The arrow hits the frilled lizard!
You kill the frilled lizard!
The jackal barely misses you.
The jackal bites you but does no damage.
Shoot: f) +2 shortbow (vorpal) {bow}
Press: ? - help, Shift-Dir - straight line, f/p - jackal
Aim: a jackal (severely wounded, 59% to hit)
You shoot an arrow. The arrow closely misses the jackal.
The arrow hits the bat but does no damage.
The jackal misses you. The jackal barely misses you. The jackal bites you.
* * * LOW HITPOINT WARNING * * *
The jackal closely misses you.
HP[-2]
You take 2 damage, and now have 5/17 hp.
Shoot: f) +2 shortbow (vorpal) {bow}
Press: ? - help, Shift-Dir - straight line, f/p - jackal
Aim: a jackal (severely wounded, 59% to hit)
You shoot an arrow. The arrow barely misses the jackal.
The arrow hits the bat!
You kill the bat!
The jackal bites you but does no damage. x2
The jackal barely misses you.
The jackal bites you but does no damage.
Shoot: f) +2 shortbow (vorpal) {bow}
Press: ? - help, Shift-Dir - straight line, f/p - jackal
Aim: a jackal (severely wounded, 59% to hit)
You shoot an arrow. The arrow hits the jackal!
You kill the jackal!
The jackal bites you but does no damage.
Shoot: f) +2 shortbow (vorpal) {bow}
Press: ? - help, Shift-Dir - straight line, f - jackal
Aim: a jackal (59% to hit)
You shoot an arrow. The arrow barely misses the jackal.
The jackal bites you.
* * * LOW HITPOINT WARNING * * *
The jackal barely misses you.
HP[-1]
You take 1 damage, and now have 4/17 hp.
Shoot: f) +2 shortbow (vorpal) {bow}
Press: ? - help, Shift-Dir - straight line, f/p - jackal
Aim: a jackal (59% to hit)
You shoot an arrow.
The arrow hits the jackal but does no damage.
The jackal bites you but does no damage.
The jackal bites you.
* * * LOW HITPOINT WARNING * * *
Shoot: f) +2 shortbow (vorpal) {bow}
Press: ? - help, Shift-Dir - straight line, f/p - jackal
Aim: a jackal (59% to hit)
You shoot an arrow. The arrow barely misses the jackal.
The jackal barely misses you. The jackal bites you.
You die...

Action                   || total
-------------------------++-------
 Fire: Shortbow          ||    28
  Use: Scroll            ||     1
Armor: Leather armour    ||    10
Dodge: Dodged            ||    21

Levels and vault maps discovered:
D:1:      minmay_arrival_jagged, layout_basic, minmay_tetromino_i2

Notes
Turn   | Place    | Note
-------+----------+-------------------------------------------
     0 | D:1      | zeratav the Tengu Hunter began the quest for the Orb.
     0 | D:1      | Reached XP level 1. HP: 12/12 MP: 2/2
     0 | D:1      | magus.rc [v1.9.6]
   172 | D:1      | Identified a scroll of acquirement
   172 | D:1      | Acquired a +2 vorpal shortbow
   182 | D:1      | Reached XP level 2. HP: 17/17 MP: 3/3
   196 | D:1      | HP: 4/17 [jackal (1)]
   197 | D:1      | HP: 1/17 [jackal (3)]
   198 | D:1      | Slain by a jackal

Vanquished Creatures
  An endoplasm (D:1)
  A giant cockroach (D:1)
  A goblin (D:1)
  A hobgoblin (D:1)
  2 jackals (D:1)
  A bat (D:1)
  A frilled lizard (D:1)
8 creatures vanquished.

Table legend:
 A = Non-vault XP
 B = Vault XP
 C = Vault XP percentage of total XP
 D = Non-vault monster count
 E = Vault monster count
 F = Vault count percentage of total count
                 A         B        C        D         E       F
            +---------+---------+-------+---------+---------+-------
      Total |      12 |       2 |  14.3 |       6 |       2 |  25.0
            +---------+---------+-------+---------+---------+-------
        D:1 |      12 |       2 |  14.3 |       6 |       2 |  25.0
            +---------+---------+-------+---------+---------+-------

Illustrated notes

Table legend:
 A = Kills in this place as a percentage of kills in entire the game.
 B = Kills by you in this place as a percentage of kills by you in the entire game.
 C = Kills by friends in this place as a percentage of kills by friends in the entire game.
 D = Other kills in this place as a percentage of other kills in the entire game.
 E = Experience gained in this place as a percentage of experience gained in the entire game.
 F = Experience gained in this place divided by the number of levels of this place that you have seen.
                   A       B       C       D       E      F
               +-------+-------+-------+-------+-------+----------------------
         Total | 100.0 | 100.0 |   N/A |   N/A | 100.0 |  14.0
       Dungeon | 100.0 | 100.0 |   N/A |   N/A | 100.0 |  14.0
               +-------+-------+-------+-------+-------+----------------------

Table legend: (Time is in decaauts)
 A = Elapsed time spent in this place.
 B = Non-inter-level travel time spent in this place.
 C = Inter-level travel time spent in this place.
 D = Time resting spent in this place.
 E = Time spent auto-exploring this place.
 F = Levels seen in this place.
 G = Mean time per level.
                   A        B        C        D        E       F      G
               +--------+--------+--------+--------+--------+-----+--------+
         Total |    205 |    165 |     40 |      0 |    117 |   1 |  205.0 |
       Dungeon |    205 |    165 |     40 |      0 |    117 |   1 |  205.0 |
               +--------+--------+--------+--------+--------+-----+--------+

Top non-repeatable levels by time:
     D:1: 205 daAuts
